 Dungeon Crawl Stone Soup version 0.26-a0-835-g8259106e14 (webtiles) character file.

Game seed: 13583452094031859140

11180 mhtbhm the Basher (level 11, -15/71 HPs)
             Began as a Gargoyle Fighter on Nov 17, 2020.
             Was an Elder of the Shining One.
             Demolished by an orc warrior
             ... wielding a +0 battleaxe
              (18 damage)
             ... on level 1 of the Orcish Mines.
             The game lasted 00:20:05 (13838 turns).

mhtbhm the Basher (Gargoyle Fighter)               Turns: 13838, Time: 00:20:06

Health: -15/71     AC: 24    Str: 24    XL:     11   Next: 73%
Magic:  8/11       EV:  7    Int: 10    God:    the Shining One [****..]
Gold:   993        SH: 18    Dex:  9    Spells: 10/10 levels left

rFire    . . .     SeeInvis .   a - +2 whip (freeze)
rCold    . . .     Faith    +   c - +0 kite shield
rNeg     + + +     Spirit   .   b - +0 plate armour
rPois    ∞         Reflect  .   (no helmet)
rElec    +         Harm     .   (no cloak)
rCorr    .         Rampage  .   q - +1 pair of gloves of Dim Light {rElec Int+2}
MR       .....                  (no boots)
Stlth    ..........             r - amulet of faith
HPRegen  0.21/turn              j - ring of stealth
MPRegen  0.12/turn              (no ring)

@: mighty, divine shield, glowing
A: negative energy resistance 1, electricity resistance, unbreathing,
petrification resistance, rot immunity, AC +8
a: Divine Shield, Cleansing Flame, Renounce Religion


You were on level 1 of the Orcish Mines.
You worshipped the Shining One.
The Shining One was greatly pleased with you.
You visited 4 branches of the dungeon, and saw 13 of its levels.

You collected 1533 gold pieces.
You spent 540 gold pieces at shops.

Inventory:

Hand Weapons
 a - a +2 whip of freezing (weapon)
 t - a +1 morningstar of protection
Armour
 b - a +0 plate armour (worn)
 c - a +0 kite shield (worn)
 q - the +1 pair of gloves of Dim Light (worn) {rElec Int+2}
   (You found it on level 4 of the Dungeon)

   It affects your intelligence (+2).
   It insulates you from electricity.
Jewellery
 j - a ring of stealth (left hand)
 r - an amulet of faith (around neck)
Wands
 h - a wand of digging (13)
Scrolls
 g - 5 scrolls of fog
 i - a scroll of enchant armour
 k - 3 scrolls of immolation
 m - 9 scrolls of remove curse
 n - a scroll of enchant weapon
Potions
 d - a potion of flight {unknown}
 e - a potion of haste
 f - 3 potions of resistance
 o - a potion of mutation


   Skills:
 + Level 9.0 Fighting
 + Level 11.4 Maces & Flails
 + Level 8.7 Armour
 + Level 1.9 Dodging
 + Level 10.7 Shields
 * Level 1.0 Invocations
 + Level 0.1 Evocations


You had 10 spell levels left.
You didn't know any spells.
Your spell library contained the following spells:

 Spells                   Type           Power        Failure   Level
 Beastly Appendage        Tmut           #.....       100%        1
 Wereblood                Tmut           #.......     100%        2
 Spider Form              Tmut/Pois      #.........   100%        3
 Ice Form                 Ice/Tmut       #.......     100%        4
 Blade Hands              Tmut           #.........   100%        5
 Bolt of Magma            Conj/Fire/Erth #.........   100%        5
 Iskenderun's Battlesphe  Conj           #.......     100%        5
 Iron Shot                Conj/Erth      #.........   100%        6
 Orb of Destruction       Conj           #.........   100%        7
 Spellforged Servitor     Conj/Summ      #.........   100%        7


Dungeon Overview and Level Annotations

Branches:
Dungeon (9/15)             Temple (1/1) D:4             Orc (2/2) D:9
    Elf (1/3) Orc:2
   Lair: D:8-11

Altars:
Ashenzari
Dithmenos
Elyvilon
Fedhas
Gozag
Hepliaklqana
Kikubaaqudgha
Makhleb
Ru
Sif Muna
Trog
Uskayaw
Vehumet
Wu Jian
Xom
Yredelemnul
Zin
The Shining One

Shops:
D:5 !   D:9 [   Orc:1 ==}   Orc:2 *!!


Innate Abilities, Weirdness & Mutations

You are resistant to torment.
Your stone body is resilient. (AC +8)
You are immune to poison.
You resist negative energy. (rN+)
You are resistant to electric shocks. (rElec)
You can survive without breathing.
You are immune to petrification.
You are immune to rotting.


Message History

The orc knight roars a battlecry!
The orc warrior goes into a battle-frenzy!
You whack the orc knight! You freeze the orc knight.
The orc knight is heavily wounded.
You block the orc's attack.
Your plate armour prevents you from hitting the orc knight.
The orc knight is heavily wounded.
You block the orc knight's attack.
Your plate armour prevents you from hitting the orc knight.
The orc knight is heavily wounded.
The orc warrior barely misses you. The orc completely misses you.
You barely miss the orc knight.
The orc knight is heavily wounded.
The orc knight hits you but does no damage.
You whack the orc knight! You freeze the orc knight.
The orc knight is severely wounded.
The orc hits you with a +0 hand axe.
* * * LOW HITPOINT WARNING * * *
The orc warrior hits you with a +0 battleaxe!!
You die...

.#..#.## ##......#.## .......#
#....#.....# ...##.##
###........^## ..#####
##..........## .##
#.........[#.## ##
##.#.#....)<[.# ### o##
##.......)#[####.### #.##
##..........##....## ##.## ###
#....@..)..###....#### ##.###.##
##..ooo).[###......#.. ##.#...#
###...).#)#....#.#...
#.....#######.....[[[.....#....
##.....##.#...............##.#.
##...........>........#.......
##...#..#.#....................
##...##...###......#.#..#..#....
#...####.##.#.......#......##...


You could see an orc knight, an orc warrior (strong) and an orc (strong).

Vanquished Creatures
  Erica (D:9)
  A two-headed ogre (Orc:1)
  Pikel (D:5)
  3 orc knights
  A deep elf mage (Elf:1)
  2 trolls
  Prince Ribbit (D:6)
  Grinder (D:5)
  Sigmund (D:5)
  Menkaure (D:4)
  2 wargs
  Edmund (D:7)
  5 black bears
  19 orc warriors
  An eye of draining (D:9)
  2 sky beasts (D:9)
  An ice beast (D:8)
  2 phantoms
  A centaur (D:9)
  A necrophage (D:9)
  7 ogres
  A big kobold (D:9)
  4 bullfrogs
  2 scorpions
  5 wights
  6 howler monkeys
  A centaur zombie (D:5)
  3 bullfrog skeletons
  6 hounds
  4 jellies
  11 orc wizards
  A quasit (D:5)
  13 orc priests
  2 iguanas
  10 worker ants
  A hound skeleton (D:6)
  A howler monkey zombie (D:8)
  3 worker ant zombies (D:5)
  10 adders
  A shadow imp (D:5)
  2 white imps
  4 ufetubi
  3 oozes
  An adder skeleton (D:5)
  An adder zombie (D:7)
  8 worms
  4 dart slugs
  6 leopard geckos
  76 orcs
  11 bats
  7 giant cockroaches
  15 goblins
  7 hobgoblins
  7 jackals
  6 quokkas
  A ball python (D:3)
  6 frilled lizards
  A giant cockroach zombie (D:5)
  A jackal zombie (D:5)
  13 kobolds
  A quokka skeleton (D:4)
  4 rats
325 creatures vanquished.

Vanquished Creatures (others)
  5 withered plants (D:5)
5 creatures vanquished.

Grand Total: 330 creatures vanquished

Notes
Turn   | Place    | Note
-------+----------+-------------------------------------------
     0 | D:1      | mhtbhm the Gargoyle Fighter began the quest for the Orb.
     0 | D:1      | Reached XP level 1. HP: 14/14 MP: 1/1
   222 | D:1      | Reached XP level 2. HP: 16/19 MP: 2/2
   331 | D:1      | Reached XP level 3. HP: 9/24 MP: 3/3
  1308 | D:2      | Reached XP level 4. HP: 29/29 MP: 4/4
  1747 | D:2      | Reached skill level 3 in Maces & Flails
  2401 | D:3      | Reached skill level 1 in Dodging
  2401 | D:3      | Reached XP level 5. HP: 27/33 MP: 5/5
  3242 | D:3      | Reached XP level 6. HP: 38/38 MP: 6/6
  3405 | D:4      | Got a pair of encrusted gloves
  3411 | D:4      | Identified the +1 pair of gloves of Dim Light {rElec Int+2}
                  | (You found it on level 4 of the Dungeon)
  3521 | D:4      | Reached skill level 4 in Maces & Flails
  4028 | D:4      | Found a staircase to the Ecumenical Temple.
  4070 | Temple   | Entered the Ecumenical Temple
  4114 | Temple   | Became a worshipper of the Shining One
  4190 | D:4      | Noticed Menkaure
  4200 | D:4      | Killed Menkaure
  4201 | D:4      | Reached skill level 5 in Shields
  4201 | D:4      | Reached XP level 7. HP: 23/44 MP: 7/7
  4659 | D:5      | Entered Level 5 of the Dungeon
  4696 | D:5      | Noticed Grinder
  4719 | D:5      | Paralysed by Grinder for 2 turns
  4727 | D:5      | Killed Grinder
  4728 | D:5      | Reached skill level 5 in Maces & Flails
  4798 | D:5      | Reached * piety under the Shining One
  4863 | D:5      | You fall into a shaft and drop 2 floors!
  4893 | D:7      | Reached XP level 8. HP: 48/48 MP: 8/8
  4976 | D:7      | Reached skill level 5 in Armour
  5056 | D:6      | Noticed Prince Ribbit
  5068 | D:6      | Noticed Edmund
  5084 | D:6      | Reached skill level 6 in Maces & Flails
  5130 | D:7      | Reached ** piety under the Shining One
  5355 | D:6      | Reached skill level 5 in Fighting
  5362 | D:7      | Killed Edmund
  5363 | D:7      | Reached skill level 7 in Maces & Flails
  5430 | D:6      | Killed Prince Ribbit
  5431 | D:6      | Reached XP level 9. HP: 43/54 MP: 9/9
  5613 | D:6      | Found a hide-covered altar of Uskayaw.
  5754 | D:6      | Found a burning altar of Makhleb.
  5906 | D:6      | Found a sacrificial altar of Ru.
  5909 | D:6      | Found an ancient bone altar of Kikubaaqudgha.
  5968 | D:5      | Noticed Sigmund
  5988 | D:5      | Killed Sigmund
  6019 | D:5      | Found Paxisis's Distillery.
  6025 | D:5      | Bought a potion of heal wounds for 50 gold pieces
  6035 | D:5      | Noticed Pikel
  6050 | D:5      | Killed Pikel
  6051 | D:5      | Reached skill level 8 in Maces & Flails
  6377 | D:5      | Found a glowing silver altar of Zin.
  6377 | D:5      | Found an ornate altar of the Wu Jian Council.
  6377 | D:5      | Found a bloodstained altar of Trog.
  6379 | D:5      | Found a broken altar of Ashenzari.
  6846 | D:8      | Reached skill level 9 in Maces & Flails
  6883 | D:8      | Found a basalt altar of Yredelemnul.
  6922 | D:8      | Reached XP level 10. HP: 63/63 MP: 10/10
  6997 | D:8      | Reached *** piety under the Shining One
  7988 | D:9      | Noticed Erica
  8038 | D:9      | Killed Erica
  8039 | D:9      | Reached skill level 10 in Maces & Flails
  8068 | D:9      | Found a hazy altar of Hepliaklqana.
  9135 | D:9      | Found Hutic's Antique Armour Shop.
  9147 | D:9      | Bought a pair of glimmering gloves for 294 gold pieces
  9157 | D:9      | Identified the cursed -5 pair of gloves "Tocrig" {Harm
                  | Regen+ Int-3 Stlth+} (You bought it in a shop on level 9 of
                  | the Dungeon)
  9299 | D:9      | Found a staircase to the Orcish Mines.
  9304 | Orc:1    | Entered Level 1 of the Orcish Mines
  9557 | Orc:1    | Reached XP level 11. HP: 43/68 MP: 11/11
  9713 | Orc:1    | Reached **** piety under the Shining One
  9714 | Orc:1    | Noticed an orc knight
 10097 | D:9      | Killed an orc knight
 10219 | Orc:1    | Reached skill level 10 in Shields
 10887 | Orc:1    | Found Ibus's Gadget Shop.
 11048 | Orc:1    | Found Jextoe's Jewellery Shop.
 11225 | Orc:1    | Found Utsobiot's Jewellery Boutique.
 11228 | Orc:1    | Noticed a two-headed ogre
 11239 | Orc:1    | Killed a two-headed ogre
 11240 | Orc:1    | Reached skill level 11 in Maces & Flails
 11455 | Orc:2    | Entered Level 2 of the Orcish Mines
 11500 | Orc:2    | Noticed an orc knight
 11532 | Orc:1    | Killed an orc knight
 11758 | Orc:2    | Found a staircase to the Elven Halls.
 11812 | Orc:2    | Noticed an orc knight
 11839 | Elf:1    | Entered Level 1 of the Elven Halls
 11889 | Elf:1    | Killed an orc knight
 12242 | Elf:1    | Noticed a deep elf mage
 12262 | Elf:1    | HP: 3/69 [deep elf mage/bolt of lightning (9)]
 12266 | Elf:1    | Killed a deep elf mage
 12948 | Orc:2    | Found Repuazyi's Distillery.
 12956 | Orc:2    | Bought a potion of haste for 140 gold pieces
 12956 | Orc:2    | Bought a potion of might for 56 gold pieces
 13351 | Orc:2    | Found Voefanoi's Distillery.
 13354 | Orc:2    | Found Futay's General Store.
 13363 | Orc:2    | Noticed an orc knight
 13461 | Orc:1    | Reached skill level 1 in Invocations
 13830 | Orc:1    | HP: 3/71 [orc knight/+3 long sword of freezing (1)]
 13838 | Orc:1    | HP: 3/71 [orc/+0 hand axe (1)]
 13838 | Orc:1    | Demolished by an orc warrior

Illustrated notes

Levels and vault maps discovered:
D:1:      dpeg_arrival_signposts, layout_rooms, minmay_misc_feat_chi
D:2:      layout_basic
D:3:      minmay_razor_zed, layout_rooms, chequers_serial_rivers_small_a,
          minmay_randomly_rotated_circles
D:4:      layout_cave_pools, minmay_temple_entry_fiery,
          kennysheep_generic_room_10, uniq_menkaure
D:5:      layout_basic, chequers_temple_overflow_statue_of_worship,
          serial_undead, serial_undead_d, serial_undead_b, serial_undead_d,
          serial_undead_f, serial_shops, nicolae_shop_crystal, uniq_sigmund,
          uniq_grinder, uniq_pikel
D:6:      layout_loops_ring, kennysheep_mini_moat, old_standard_altar,
          minitemple, serial_park_tiny_pond, uniq_edmund, uniq_prince_ribbit1
D:7:      layout_rooms
D:8:      layout_basic, yredelemnul_altar_generic, grunt_decor_cap
D:9:      layout_loops_corners, nicolae_overflow_hidden_temple,
          hiddenorc1_lemuel, serial_shops, shop, uniq_erica
Temple:   hc_temple_tempest_star
Orc:1:    layout_caves, serial_shops, shop, shop, nicolae_shop_waterfront
Orc:2:    pf_orc_diabolical, layout_diamond_mine, serial_shops, shop_fountains
Elf:1:    layout_loops_corners, serial_shops, shop,
          kennysheep_underground_church, grunt_megastairs_2

Skill      XL: |  1  2  3  4  5  6  7  8  9 10 11 |
---------------+----------------------------------+-----
Shields        | 4 5 6 7 8 9 10 | 10.7
Maces & Flails | 3 4 5 7 9 10 11 | 11.4
Fighting       | 4 5 7 8 9 |  9.0
Dodging        | 1 |  1.9
Armour         | 4 5 6 7 8 |  8.7
Invocations    | 1 |  1.0
Evocations     | |  0.1

Action                   |  1- 3 |  4- 6 |  7- 9 | 10-12 || total
-------------------------+-------+-------+-------+-------++-------
Melee: Flail             |   130 |   343 |    66 |       ||   539
       Unarmed           |       |     4 |       |       ||     4
       Morningstar       |       |       |   175 |       ||   175
       Whip              |       |       |   124 |   859 ||   983
Invok: Divine Shield     |       |       |       |     1 ||     1
Evoke: Wand              |       |       |       |     1 ||     1
  Use: Scroll            |     3 |     5 |     5 |     9 ||    22
       Potion            |       |     6 |       |     5 ||    11
Armor: Scale mail        |   126 |   156 |       |       ||   282
       Plate armour      |       |    76 |   248 |   290 ||   614
Dodge: Dodged            |    76 |   116 |   103 |   126 ||   421
Block: Kite shield       |    88 |   265 |   230 |   326 ||   909

Table legend: (Time is in decaauts)
 A = Elapsed time spent in this place.
 B = Non-inter-level travel time spent in this place.
 C = Inter-level travel time spent in this place.
 D = Time resting spent in this place.
 E = Time spent auto-exploring this place.
 F = Levels seen in this place.
 G = Mean time per level.
                   A        B        C        D        E       F      G
               +--------+--------+--------+--------+--------+-----+--------+
         Total |  13695 |  13622 |     73 |   4032 |   6006 |  13 | 1053.5 |
       Dungeon |  10174 |  10101 |     73 |   2296 |   5244 |   9 | 1130.4 |
        Temple |     57 |     57 |      0 |      0 |     19 |   1 |   57.0 |
  Orcish Mines |   2803 |   2803 |      0 |   1147 |    742 |   2 | 1401.5 |
   Elven Halls |    659 |    659 |      0 |    588 |      0 |   1 |  659.0 |
               +--------+--------+--------+--------+--------+-----+--------+

Top non-repeatable levels by time:
     D:9: 2269 daAuts
   Orc:1: 1478 daAuts
   Orc:2: 1325 daAuts
     D:4: 1298 daAuts
     D:2: 1291 daAuts
     D:3: 1115 daAuts
     D:1: 1063 daAuts
     D:7: 961 daAuts
     D:8: 766 daAuts
     D:5: 742 daAuts
     D:6: 665 daAuts
   Elf:1: 659 daAuts
  Temple: 57 daAuts
